 Dungeon Crawl Stone Soup version 0.25-a0-185-g6cfeca75b2 (webtiles) character file.

Game seed: 4733204400582753225, levelgen mode: deterministic

120 Myrm the Conjurer (level 4, -6/39 HPs)
             Began as a Draconian Conjurer on Nov 28, 2019.
             Killed by nerve-wracking pain
             ... invoked by Grinder
              (11 damage)
             ... on level 3 of the Dungeon.
             The game lasted 00:21:04 (2156 turns).

Myrm the Conjurer (Draconian Conjurer)              Turns: 2156, Time: 00:21:04

Health: -6/39      AC:  5    Str: 11    XL:     4   Next: 75%
Magic:  2/7        EV: 12    Int: 16    God:
Gold:   185        SH:  0    Dex: 11    Spells: 4/7 levels left

rFire    . . .     SeeInvis .   a - +2 spear
rCold    . . .     Gourm    .   (no shield)
rNeg     . . .     Faith    .   (armour unavailable)
rPois    .         Spirit   .   (helmet restricted)
rElec    .         Reflect  .   (no cloak)
rCorr    .         Harm     .   (no gloves)
MR       .....                  (no boots)
Stlth    ++........             (no amulet)
HPRegen  0.13/turn              (no ring)
MPRegen  0.10/turn              (no ring)

@: no status effects
A: unfitting armour, stinger 1, robust 1, cold-blooded, AC +5
a: no special abilities


You were on level 3 of the Dungeon.
You were not hungry.

You visited 1 branch of the dungeon, and saw 3 of its levels.

You collected 185 gold pieces.

Inventory:

Hand Weapons
 a - a +2 spear (weapon)
Magical Staves
 f - an uncursed staff of cold {unknown}
Jewellery
 h - a cursed ring of teleportation {unknown}
Wands
 i - a wand of iceblast (2)
Scrolls
 d - a scroll of teleportation
 e - a scroll of immolation
 g - a scroll of random uselessness
 j - 2 scrolls of magic mapping
Comestibles
 b - a ration
 k - 2 chunks of flesh


   Skills:
 * Level 1.9 Fighting
 + Level 2.5 Polearms
 + Level 2.3 Dodging
 + Level 2.0 Stealth
 + Level 2.2 Spellcasting
 + Level 4.4 Conjurations


You had 4 spell levels left.
You knew the following spells:

 Your Spells              Type           Power        Failure   Level  Hunger
a - Magic Dart            Conj           ###.         3%          1    #......
b - Searing Ray           Conj           ###...       4%          2    ###....

Your spell library contained the following spells:

 Spells                   Type           Power        Failure   Level  Hunger
 Dazzling Spray           Conj/Hex       #.....       24%         3    ###....
 Iskenderun's Mystic Bla  Conj           ###.....     32%         4    #####..
 Force Lance              Conj/Tloc      #.......     63%         4    #####..
 Fulminant Prism          Conj/Hex       #.........   63%         4    #####..


Dungeon Overview and Level Annotations

Branches:
Dungeon (3/15)

Altars:

Annotations:
D:3 Grinder


Innate Abilities, Weirdness & Mutations

Your plain brown scales are hard. (AC +5)
You cannot fit into any form of body armour.
You are cold-blooded and may be slowed by cold attacks.
Your tail ends in a poisonous barb.
You are robust. (+10% HP)


Message History

The iceblast engulfs the frilled lizard!
You kill the frilled lizard!
Grinder looks more healthy.
Grinder blinks!
Things that are here:
a frilled lizard corpse; an adder corpse Grinder gestures at you.
You barely resist.
You see here a rat corpse.
Grinder gestures at you. Pain shoots through your body! Grinder hits you!
Grinder grins, showing sharp teeth.
Grinder gestures at you. Pain shoots through your body!
* * * LOW HITPOINT WARNING * * *
You closely miss Grinder.
Grinder is almost dead.
Grinder gestures at you. Pain shoots through your body!
You die...

#....(..# ..
#####'###
#.#......... #.#
#.#......... #.#
#.#......... #.#
..........# #.#
#.........# #.#
#.........#
#.########.5......#
#..÷..†.†..@....#
##########.#####...
#>.. #####


You could see Grinder.

Vanquished Creatures
  3 adders (D:3)
  3 oozes
  4 worms
  A dart slug (D:3)
  A leopard gecko (D:1)
  4 orcs (D:3)
  8 bats
  2 giant cockroaches
  6 hobgoblins
  3 jackals (D:1)
  3 quokkas
  A ball python (D:1)
  4 frilled lizards
  8 goblins
  5 kobolds
  6 rats
62 creatures vanquished.

Notes
Turn   | Place    | Note
-------+----------+-------------------------------------------
     0 | D:1      | Myrm the Draconian Conjurer began the quest for the Orb.
     0 | D:1      | Reached XP level 1. HP: 14/14 MP: 3/3
    79 | D:1      | Gained mutation: You are robust. (+10% HP) [potion of
                  | mutation]
    79 | D:1      | Gained mutation: Your tail ends in a poisonous barb.
                  | [potion of mutation]
   151 | D:1      | Reached XP level 2. HP: 14/24 MP: 3/5
   388 | D:1      | Reached skill level 1 in Fighting
   666 | D:1      | Learned a level 2 spell: Searing Ray
   673 | D:1      | Reached XP level 3. HP: 28/30 MP: 6/6
   938 | D:2      | Reached skill level 1 in Polearms
  1703 | D:3      | Reached XP level 4. HP: 38/38 MP: 3/7
  2110 | D:3      | Noticed Grinder
  2126 | D:3      | Paralysed by Grinder for 3 turns
  2156 | D:3      | Killed from afar by Grinder

Levels and vault maps discovered:
D:1:      dpeg_arrival_water_temple_mockup, layout_rooms, interstate_on_off
D:2:      layout_loops_cross, first_ration, chequers_ecumenical_altar_twisty
D:3:      layout_basic, grunt_dithmenos_smoke_and_mirrors, uniq_grinder

Skill      XL: |  1  2  3  4 |
---------------+-------------+-----
Fighting       | 1 |  1.9
Dodging        | 2 |  2.3
Polearms       | 1 2 |  2.5
Stealth        | 2 |  2.0
Spellcasting   | |  2.2
Conjurations   | |  4.4

Action                   |  1- 3 |  4- 6 || total
-------------------------+-------+-------++-------
Melee: Spear             |    98 |    68 ||   166
       Tailslap          |    12 |     7 ||    19
 Cast: Magic Dart        |    42 |    14 ||    56
       Searing Ray       |     1 |       ||     1
Evoke: Wand              |       |     1 ||     1
  Use: Potion            |     5 |     2 ||     7
       Scroll            |    10 |     1 ||    11
 Stab: Sleeping          |       |     1 ||     1
  Eat: Ration            |     1 |     1 ||     2
Armor: Skin              |    39 |    23 ||    62
Dodge: Dodged            |    69 |    44 ||   113

Table legend:
 A = Non-vault XP
 B = Vault XP
 C = Vault XP percentage of total XP
 D = Non-vault monster count
 E = Vault monster count
 F = Vault count percentage of total count
                 A         B        C        D         E       F
            +---------+---------+-------+---------+---------+-------
      Total |     172 |       0 |   0.0 |      62 |       0 |   0.0
            +---------+---------+-------+---------+---------+-------
        D:1 |      41 |       0 |   0.0 |      19 |       0 |   0.0
        D:2 |      54 |       0 |   0.0 |      23 |       0 |   0.0
        D:3 |      77 |       0 |   0.0 |      20 |       0 |   0.0
            +---------+---------+-------+---------+---------+-------
